 Dungeon Crawl Stone Soup version 0.21.1-1-g345015f (webtiles) character file.

75 Figureslego113 the Grave Robber (level 4, -6/30 HPs)
             Began as a Mummy Necromancer on June 21, 2018.
             Mangled by Crazy Yiuf
             ... wielding a +4 quarterstaff of chaos
              (16 damage)
             ... on level 2 of the Dungeon.
             The game lasted 00:08:05 (2117 turns).

Figureslego113 the Grave Robber (Mummy Necromancer) Turns: 2117, Time: 00:08:05

Health: -6/30      AC:  2    Str: 11    XL:     4   Next: 11%
Magic:  4/10       EV: 12    Int: 15    God:
Gold:   18         SH:  0    Dex: 12    Spells: 10/11 levels left

rFire    x . .     SeeInvis .   h - +0 dagger
rCold    + . .     Gourm    .   (no shield)
rNeg     + + +     Faith    .   a - +0 robe
rPois    ∞         Spirit   .   (no helmet)
rElec    .         Reflect  .   (no cloak)
rCorr    .         Harm     .   (no gloves)
MR       .....                  (no boots)
Stlth    ++........             (no amulet)
HPRegen  0.10/turn              (no ring)
MPRegen  0.12/turn              (no ring)

@: very slightly contaminated
A: no food or potions, fire vulnerability, cold resistance 1, negative energy
resistance 3, torment resistance, unbreathing
a: no special abilities


You were on level 2 of the Dungeon.
You were not hungry.

You visited 1 branch of the dungeon, and saw 2 of its levels.

You collected 18 gold pieces.

Inventory:

Hand Weapons
 h - a +0 dagger (weapon)
Armour
 a - a +0 robe (worn)
Jewellery
 d - a cursed ring of teleportation {unknown}
Scrolls
 c - a scroll of identify {unknown}
 e - 2 scrolls of enchant armour {unknown}
 f - a scroll of amnesia {unknown}
Books
 b - a book of Necromancy

   Spells                             Type                      Level
   a - Pain                           Necromancy                   1
   b - Animate Skeleton               Necromancy                   1
   c - Vampiric Draining              Necromancy                   3
   d - Regeneration                   Charms/Necromancy            3
   e - Animate Dead                   Necromancy                   4
   f - Borgnjor's Vile Clutch         Necromancy/Earth             5


   Skills:
 + Level 0.3 Short Blades
 - Level 1.5 Dodging
 - Level 1.5 Stealth
 * Level 4.3 Spellcasting
 * Level 4.8 Necromancy


You had 10 spell levels left.
You knew the following spells:

 Your Spells              Type           Power        Failure   Level  Hunger
a - Pain                  Necr           ###.         2%          1    N/A

Dungeon Overview and Level Annotations

Branches:
Dungeon (2/15)

Altars:
Dithmenos
Nemelex Xobeh
Qazlal
Wu Jian
Xom

Annotations:
D:2 Crazy Yiuf


Innate Abilities, Weirdness & Mutations

You do not eat or drink.
Your flesh is vulnerable to fire.
You are immune to poison.
Your flesh is cold resistant. (rC+)
You are immune to negative energy. (rN+++)
You are immune to unholy pain and torment.
You can survive without breathing.


Message History

Aim: Crazy Yiuf, wielding a quarterstaff of chaos and wearing a cloak (moderately wounded, chance to defeat MR: 82%) Crazy Yiuf writhes in agony!
Crazy Yiuf hits you with a quarterstaff of chaos!
Casting: Pain
Confirm with . or Enter, or press ? or * to list all spells.
Aiming: Pain
Press: ? - help, Shift-Dir - straight line, f/p - Crazy Yiuf
Aim: Crazy Yiuf, wielding a quarterstaff of chaos and wearing a cloak (heavily wounded, chance to defeat MR: 82%) Crazy Yiuf writhes in agony!
Crazy Yiuf misses you.
Casting: Pain
Confirm with . or Enter, or press ? or * to list all spells.
Aiming: Pain
Press: ? - help, Shift-Dir - straight line, f/p - Crazy Yiuf
Aim: Crazy Yiuf, wielding a quarterstaff of chaos and wearing a cloak (severely wounded, chance to defeat MR: 82%) Crazy Yiuf writhes in agony!
Crazy Yiuf cries, "You leg down broken song, no?"
Crazy Yiuf hits you with a quarterstaff of chaos!
You are electrocuted!
Ouch! That really hurt!
You die...

##.)#####.#
#....# #.#
#..).# #.#
#...##
#.##########
##.##
#....(......
#.##
############
##.# # #.##
# ##@# #g#
...
#########
#...#
#........
#..)#
#.###'###
##### ##.#
#.# #
#..###.###
#..'.._..'
#..#######


You could see Crazy Yiuf.

Vanquished Creatures
  2 adders (D:2)
  An ooze (D:2)
  A worm (D:2)
  3 dart slugs
  3 bats
  3 giant cockroaches
  7 goblins
  7 hobgoblins
  A quokka (D:2)
  5 frilled lizards
  3 kobolds
  8 rats
44 creatures vanquished.

Notes
Turn   | Place    | Note
-------+----------+-------------------------------------------
     0 | D:1      | Figureslego113 the Mummy Necromancer began the quest for the Orb.
     0 | D:1      | Reached XP level 1. HP: 13/13 MP: 4/4
   258 | D:1      | Reached XP level 2. HP: 19/19 MP: 1/6
  1067 | D:2      | Found a shimmering altar of Xom.
  1068 | D:2      | Found a shadowy altar of Dithmenos.
  1230 | D:2      | Found a stormy altar of Qazlal.
  1272 | D:2      | Reached XP level 3. HP: 24/24 MP: 6/8
  1462 | D:2      | Found a sparkling altar of Nemelex Xobeh.
  1757 | D:2      | Reached XP level 4. HP: 30/30 MP: 5/10
  1797 | D:2      | Found an ornate altar of the Wu Jian Council.
  1924 | D:2      | Found a runed door.
  2111 | D:2      | Noticed Crazy Yiuf
  2117 | D:2      | Mangled by Crazy Yiuf

Skill      XL: |  1  2  3 |
---------------+----------+-----
Spellcasting   | 3 4 |  4.3
Short Blades   | |  0.3
Dodging        | |  1.5
Stealth        | |  1.5
Necromancy     | |  4.8

Action                   |  1- 3 |  4- 6 || total
-------------------------+-------+-------++-------
Melee: Unarmed           |    12 |       ||    12
       Dagger            |    17 |       ||    17
 Cast: Pain              |    77 |    16 ||    93
Armor: Robe              |     2 |       ||     2
Dodge: Dodged            |    27 |     1 ||    28
